 Dungeon Crawl Stone Soup version 0.31-a0-876-gfe8ebadbca (webtiles) character file.

Game seed: 9676572486365238037

124 Pixllover the Digger (level 5, 0/28 HPs)
             Began as a Gargoyle Earth Elementalist on Oct 14, 2023.
             Killed from afar by an orc wizard (3 damage)
             ... with a magic dart
             ... on level 3 of the Dungeon.
             The game lasted 00:07:41 (1893 turns).

Pixllover the Digger (Gargoyle Earth Elementalist)  Turns: 1893, Time: 00:07:41

Health: 0/28       AC:  9    Str: 11    XL:     5   Next: 8%
Magic:  5/9        EV: 12    Int: 18    God:
Gold:   180        SH:  0    Dex: 10    Spells: 9/10 levels left

rFire   . . .        h - +2 dagger (holy)
rCold   . . .        (no shield)
rNeg    + + .        a - +0 robe
rPois   ∞            e - +1 helmet
rElec   +            (no cloak)
rCorr   .            (no gloves)
SInv    .            f - +0 pair of boots
Will    .....        (no amulet)
Stlth   ++           c - ring of positive energy
HPRegen 0.24/turn    (no ring)
MPRegen 0.11/turn

%: no passive effects
@: no status effects
A: sickness immunity, AC +4, negative energy resistance 1, electricity
resistance, torment resistance 1, petrification resistance
a: no special abilities


You were on level 3 of the Dungeon.
You visited 1 branch of the dungeon, and saw 3 of its levels.

You collected 180 gold pieces.

Inventory:

Hand Weapons
 h - a +2 dagger of holy wrath (weapon)
Missiles
 b - 9 poisoned darts (quivered)
Armour
 a - a +0 robe (worn)
 e - a +1 helmet (worn)
 f - a +0 pair of boots (worn)
Jewellery
 c - a ring of positive energy (left hand)
 l - a ring of flight
Scrolls
 g - a scroll of immolation {unknown}
 i - a scroll of fog {unknown}
 j - 3 scrolls of fear {unknown}
 k - a scroll of identify {unknown}
 m - a scroll of noise {unknown}
Potions
 d - 3 potions of heal wounds {unknown}


   Skills:
 + Level 0.2 Fighting
 + Level 1.8 Dodging
 + Level 2.4 Stealth
 + Level 0.1 Unarmed Combat
 + Level 3.1 Spellcasting
 + Level 0.7 Transmutations
 + Level 5.5 Earth Magic


You had 9 spell levels left.
You knew the following spells:

 Your Spells              Type           Power      Damage    Failure   Level
a - Sandblast             Erth           44%        2d11      1%          1

Your spell library contained the following spells:

 Spells                   Type           Power      Damage    Failure   Level
 Passwall                 Tmut/Erth      11%        N/A       7%          2
 Stone Arrow              Conj/Erth      24%        3d8       16%         3
 Ignite Poison            Fire/Tmut/Pois 3%         N/A       41%         3
 Petrify                  Tmut/Erth      14%        N/A       41%         4
 Brom's Barrelling Bould  Conj/Erth      12%        2d4       45%         4
 Freezing Cloud           Conj/Ice/Air   1%         6-21      99%         5
 Cigotuvi's Dreadful Rot  Necr/Pois/Air  Unusable   N/A       N/A         2

Dungeon Overview and Level Annotations

Branches:
Dungeon (3/15)

Altars:
Makhleb


Innate Abilities, Weirdness & Mutations

You are immune to sickness and miasma.
Your stone body is resilient. (AC +4)
You are immune to poison.
You resist negative energy. (rN+)
You are resistant to electric shocks. (rElec)
You are resistant to unholy torment.
You are immune to petrification.


Message History

The magic dart hits something.
Something hits you but does no damage.
A magic dart appears from out of thin air!
The magic dart hits you but does no damage.
You're too confused to cast spells.
Unknown command.
You bump into the rock wall.
Unknown command.
A magic dart appears from out of thin air!
The magic dart hits you.
* * * LOW HITPOINT WARNING * * *
Unknown command.
Non-targeted confused throw: 10 darts (poison)
Press: ? - help, Q - select action, (/) - cycle Dir - look around, f - activate
Okay, then.
Non-targeted confused throw: 10 darts (poison)
Press: ? - help, Dir - look around, f - activate Look: an orc wizard, wielding a +0 dagger and wearing a +0 robe (severely wounded)
You throw a poisoned dart.
The poisoned dart closely misses the orc wizard.
The poisoned dart misses the orc wizard.
You feel less confused.
The orc wizard gestures wildly while chanting.
The orc wizard flickers and vanishes!
The orc wizard gestures at you while chanting.
The magic dart hits something.
Reactivating autopickup.
You feel a bit more experienced.
You have reached level 5!
Casting: Sandblast (safe; 1% risk of failure)
Confirm with . or Enter, or press ? or * to list all spells.
Aiming: Sandblast (safe; 1% risk of failure)
Press: ? - help, Shift-Dir - straight line, f - orc wizard
Aim: an orc wizard, wielding a +0 dagger and wearing a +0 robe (79% to hit)
The blast of sand hits something!
Something hits you.
* * * LOW HITPOINT WARNING * * *
Deactivating autopickup; reactivate with Ctrl-A.
You hear some strange, mumbled words.
A magic dart appears from out of thin air!
The magic dart hits you.
You die...

##.....# ###..........)..
##..###.###...............
#)).o.o.....##............
#......#####.#######...........
#.....# #.(.# ##...##...##
#..!.. ###o# #......†## #..=.
#.# ###.......# #.... #{#
#2#.......# #..< #@##
#####.....# #### #..# #_#
#.....# #### #.###.....#
#.#.......# #.#.......#
#...####### #####


You could see an orc wizard.

Vanquished Creatures
  An orc wizard (D:3)
  2 adders (D:2)
  2 worms (D:2)
  2 dart slugs
  An orc (D:3)
  6 ball pythons
  3 endoplasms
  4 giant cockroaches (D:1)
  7 goblins
  7 hobgoblins
  3 kobolds
  A quokka (D:2)
  5 bats
  2 frilled lizards
  7 rats
53 creatures vanquished.

Vanquished Creatures (others)
  An orc wizard (D:3)
1 creature vanquished.

Grand Total: 54 creatures vanquished

Notes
Turn   | Place    | Note
-------+----------+-------------------------------------------
     0 | D:1      | Pixllover the Gargoyle Earth Elementalist began the quest
                  | for the Orb.
     0 | D:1      | Reached XP level 1. HP: 10/10 MP: 3/3
   101 | D:1      | Reached XP level 2. HP: 15/15 MP: 3/5
   385 | D:1      | Reached skill level 4 in Earth Magic
   915 | D:2      | Reached XP level 3. HP: 19/19 MP: 2/6
  1239 | D:2      | Reached XP level 4. HP: 24/24 MP: 6/8
  1391 | D:2      | Reached skill level 5 in Earth Magic
  1802 | D:3      | Found a burning altar of Makhleb.
  1802 | D:3      | Noticed a cacodemon
  1893 | D:3      | Reached XP level 5. HP: 4/28 MP: 6/9
  1893 | D:3      | Killed from afar by an orc wizard

Illustrated notes

Levels and vault maps discovered:
D:1:      dpeg_arrival_round_c, layout_loops_ring
D:2:      layout_loops_ring, kennysheep_flooded_box, hex_large,
          grunt_ministairs_2, dk_noncrumbling_3, minmay_tromino_v4_b
D:3:      layout_rooms, makhleb_altar_promises_db, basic_ecumenical_altar,
          uniq_natasha

Skill      XL: |  1  2  3  4 |
---------------+-------------+-----
Earth Magic    | 4 5 |  5.5
Spellcasting   | 3 |  3.1
Fighting       | |  0.2
Dodging        | |  1.8
Stealth        | |  2.4
Unarmed Combat | |  0.1
Transmutations | |  0.7

Action                     |  1- 3 |  4- 6 || total
---------------------------+-------+-------++-------
  Melee: Unarmed           |     6 |       ||     6
         Dagger            |     1 |    18 ||    19
  Throw: Dart              |       |     1 ||     1
   Cast: Sandblast         |    43 |    25 ||    68
    Use: Potion            |     1 |       ||     1
 Armour: Robe              |    16 |    32 ||    48
  Dodge: Dodged            |    20 |    13 ||    33

Table legend: (Time is in decaauts)
 A = Elapsed time spent in this place.
 B = Non-inter-level travel time spent in this place.
 C = Inter-level travel time spent in this place.
 D = Time resting spent in this place.
 E = Time spent auto-exploring this place.
 F = Levels seen in this place.
 G = Mean time per level.
                   A        B        C        D        E       F      G
               +--------+--------+--------+--------+--------+-----+--------+
         Total |   1924 |   1897 |     27 |     90 |    971 |   3 |  641.3 |
       Dungeon |   1924 |   1897 |     27 |     90 |    971 |   3 |  641.3 |
               +--------+--------+--------+--------+--------+-----+--------+

Top non-repeatable levels by time:
     D:1: 923 daAuts
     D:2: 754 daAuts
     D:3: 246 daAuts
